Selects Battlefield Espionage Battlegroup
Selects Sector Subterfuge Beacon
Kradschützen Motorcycle Team
Construct Light Support Kompanie
Construct Mechanized Kompanie
Selects 250/3 Funkpanzerwagen
le.IG 18 Mechanized Group
Pak 38 Anti-tank Gun Team
254 Reconnaissance Tractor
Selects Anti-Tank Incendiary Munitions
Construct Panzerarmee Kommand
Selects Operation Skorpion
Flak 36 Anti-tank Gun Team
Selects Disruption Operation
Selects Operation Skorpion